TOP OF THE 1ST |
Waba Ducks batting - Pitching for Indiana Hounds : RHP Alex Stanford
|
Pitching: RHP Alex Stanford
|
|
Batting: LHB José Rodríguez
|
0-0: Swinging Strike 0-1: Ball 1-1: Ball 2-1: Swinging Strike 2-2: Strikes out looking
|
Batting: RHB Pedro Molina
|
0-0: Called Strike 0-1: Swinging Strike 0-2: Strikes out looking
|
Batting: LHB Javier Orozco
|
0-0: Ball 1-0: Swinging Strike 1-1: Ball 2-1: Ball 3-1: SOLO HOME RUN (Flyball, 89XD), Distance : 406 ft
|
Batting: LHB Sammy Marshall
|
0-0: Ball 1-0: Ground out U3 (Groundball, 3)
|
Top of the 1st over - 1 run(s), 1 hit(s), 0 error(s), 0 left on base; Waba 1 - Indiana 0 |
BOTTOM OF THE 1ST |
Indiana Hounds batting - Pitching for Waba Ducks : RHP Li-cong Sima
|
Pitching: RHP Li-cong Sima
|
|
Batting: LHB Pepe Vázquez
|
0-0: Ball 1-0: SINGLE (Groundball, 4D)
|
Batting: RHB Adrian Prouse
|
0-0: Called Strike 0-1: Ball 1-1: Ball 2-1: Foul Ball, location: 2F 2-2: Strikes out looking and he ARGUES THE CALL AND IS TOSSED!
|
Batting: LHB Denny Poole
|
0-0: Ball Pepe Vázquez steals 2nd base 1-0: Called Strike 1-1: DOUBLE (Line Drive, 78D) Pepe Vázquez scores
|
Batting: LHB Dave Watson
|
0-0: Ball 1-0: Called Strike 1-1: Called Strike 1-2: Ground out 4-3 (Groundball, 4D) Denny Poole to third
|
Batting: LHB Pete Carter
|
0-0: Ground out 3-1 (Groundball, 34S)
|
Bottom of the 1st over - 1 run(s), 2 hit(s), 0 error(s), 1 left on base; Waba 1 - Indiana 1 |
TOP OF THE 2ND |
Waba Ducks batting - Pitching for Indiana Hounds : RHP Alex Stanford
|
Batting: LHB Howard Evans
|
0-0: Foul Ball, location: 2F 0-1: Swinging Strike 0-2: Ground out 1-3 (Groundball, 13S)
|
Batting: RHB Jeremy Flemming
|
0-0: Ball 1-0: Foul Ball, location: 2F 1-1: SINGLE (Line Drive, 78S)
|
Batting: RHB Kelly Graham
|
0-0: Ball 1-0: Ball 2-0: Fly out, F8 (Flyball, 8RXD)
|
Batting: RHB Paul Spencer
|
0-0: Called Strike 0-1: Ball 1-1: Fielders Choice at 2nd, 5-4 (Groundball, 56)
|
Top of the 2nd over - 0 run(s), 1 hit(s), 0 error(s), 0 left on base; Waba 1 - Indiana 1 |
BOTTOM OF THE 2ND |
Indiana Hounds batting - Pitching for Waba Ducks : RHP Li-cong Sima
|
Batting: LHB Dave Helásquez
|
0-0: Ball 1-0: Fly out, F8 (Flyball, 8LD)
|
Batting: SHB Charles Alexander
|
0-0: Ball 1-0: Foul Ball, location: 2F 1-1: DOUBLE (Line Drive, 78D)
|
Batting: RHB Doug Murray
|
0-0: Ball 1-0: Ball 2-0: Foul Ball, location: 2F 2-1: Foul Ball, location: 2F 2-2: Strikes out looking
|
Batting: RHB Carlos Moya
|
0-0: Ball 1-0: Ball 2-0: Ball 3-0: Called Strike 3-1: Swinging Strike 3-2: Foul Ball, location: 2F 3-2: Foul Ball, location: 2F 3-2: Base on Balls
|
Batting: LHB Pepe Vázquez
|
0-0: Ball 1-0: Foul Ball, location: 2F 1-1: Swinging Strike 1-2: Ground out 5-3 (Groundball, 56)
|
Bottom of the 2nd over - 0 run(s), 1 hit(s), 0 error(s), 2 left on base; Waba 1 - Indiana 1 |
TOP OF THE 3RD |
Waba Ducks batting - Pitching for Indiana Hounds : RHP Alex Stanford
|
Batting: SHB Alex Aguilar
|
0-0: Called Strike 0-1: Ball 1-1: Called Strike 1-2: Ball 2-2: Foul Ball, location: 2F 2-2: Ball 3-2: Strikes out looking
|
Batting: LHB José Rodríguez
|
0-0: Swinging Strike 0-1: Called Strike 0-2: Ball 1-2: Strikes out swinging
|
Batting: RHB Pedro Molina
|
0-0: Ball 1-0: Called Strike 1-1: Ball 2-1: Foul Ball, location: 2F 2-2: Foul Ball, location: 2F 2-2: Strikes out looking
|
Top of the 3rd over - 0 run(s), 0 hit(s), 0 error(s), 0 left on base; Waba 1 - Indiana 1 |
BOTTOM OF THE 3RD |
Indiana Hounds batting - Pitching for Waba Ducks : RHP Li-cong Sima
|
Batting: RHB Jeff Jones
|
0-0: Ball 1-0: Ball 2-0: Ball 3-0: Called Strike 3-1: Base on Balls
|
Batting: LHB Denny Poole
|
0-0: Swinging Strike 0-1: Foul Ball, location: 2F 0-2: Ball 1-2: Fly out, F6 (Line Drive, 6M)
|
Batting: LHB Dave Watson
|
0-0: Ball 1-0: Ball 2-0: Foul Ball, location: 2F 2-1: SINGLE (Flyball, 7LS) Jeff Jones to second
|
Batting: LHB Pete Carter
|
0-0: Foul Ball, location: 2F 0-1: Fly out, F7 (Flyball, 7S)
|
Batting: LHB Dave Helásquez
|
0-0: Reached on error, E6 (Groundball, 6) Jeff Jones to third Dave Watson to second
|
Batting: SHB Charles Alexander
|
0-0: Called Strike 0-1: Ball 1-1: Fly out, F7 (Flyball, 78XD)
|
Bottom of the 3rd over - 0 run(s), 1 hit(s), 1 error(s), 3 left on base; Waba 1 - Indiana 1 |
TOP OF THE 4TH |
Waba Ducks batting - Pitching for Indiana Hounds : RHP Alex Stanford
|
Batting: LHB Javier Orozco
|
0-0: Ball 1-0: Called Strike 1-1: Ball 2-1: Called Strike 2-2: Strikes out swinging
|
Batting: LHB Sammy Marshall
|
0-0: Called Strike 0-1: Ball 1-1: Foul Ball, location: 2F 1-2: Ball 2-2: Foul Ball, location: 2F 2-2: Ground out 3-1 (Groundball, 34)
|
Batting: LHB Howard Evans
|
0-0: Ball 1-0: Ball 2-0: Foul Ball, location: 2F 2-1: Foul Ball, location: 2F 2-2: Ground out 6-3 (Groundball, 6)
|
Top of the 4th over - 0 run(s), 0 hit(s), 0 error(s), 0 left on base; Waba 1 - Indiana 1 |
BOTTOM OF THE 4TH |
Indiana Hounds batting - Pitching for Waba Ducks : RHP Li-cong Sima
|
Batting: RHB Doug Murray
|
0-0: Called Strike 0-1: Ball 1-1: Swinging Strike 1-2: Strikes out swinging
|
Batting: RHB Carlos Moya
|
0-0: Foul Ball, location: 2F 0-1: Foul Ball, location: 2F 0-2: Strikes out swinging
|
Batting: LHB Pepe Vázquez
|
0-0: Ball 1-0: Ball 2-0: SINGLE (Groundball, 4MD)
|
Batting: RHB Jeff Jones
|
0-0: Ball 1-0: Swinging Strike 1-1: Called Strike 1-2: Strikes out swinging
|
Bottom of the 4th over - 0 run(s), 1 hit(s), 0 error(s), 1 left on base; Waba 1 - Indiana 1 |
TOP OF THE 5TH |
Waba Ducks batting - Pitching for Indiana Hounds : RHP Alex Stanford
|
Batting: RHB Jeremy Flemming
|
0-0: Ball 1-0: Swinging Strike 1-1: Foul Ball, location: 2F 1-2: Ball 2-2: Ball 3-2: Foul Ball, location: 2F 3-2: Base on Balls
|
Batting: RHB Kelly Graham
|
0-0: Ball 1-0: Ball 2-0: Called Strike 2-1: Ball 3-1: Base on Balls Jeremy Flemming to second
|
Batting: RHB Paul Spencer
|
0-0: Ball 1-0: Fly out, F9 (Flyball, 89M)
|
Batting: SHB Alex Aguilar
|
0-0: Ball Jeremy Flemming is caught stealing 3rd base Kelly Graham to second 1-0: Ball 2-0: Ball 3-0: Called Strike 3-1: Base on Balls
|
Batting: LHB José Rodríguez
|
0-0: Foul Ball, location: 2F 0-1: Ball 1-1: Ball 2-1: Swinging Strike 2-2: Foul Ball, location: 2F 2-2: Foul Ball, location: 2F 2-2: Foul Ball, location: 2F 2-2: Strikes out swinging
|
Top of the 5th over - 0 run(s), 0 hit(s), 0 error(s), 2 left on base; Waba 1 - Indiana 1 |
BOTTOM OF THE 5TH |
Indiana Hounds batting - Pitching for Waba Ducks : RHP Li-cong Sima
|
Batting: LHB Denny Poole
|
0-0: Called Strike 0-1: Foul Ball, location: 2F 0-2: Fly out, F8 (Flyball, 8LD)
|
Batting: LHB Dave Watson
|
0-0: Ball 1-0: Called Strike 1-1: Ball 2-1: Ground out U3 (Groundball, 3)
|
Batting: LHB Pete Carter
|
0-0: Ball 1-0: Foul Ball, location: 2F 1-1: Ground out 1-3 (Groundball, 15S)
|
Bottom of the 5th over - 0 run(s), 0 hit(s), 0 error(s), 0 left on base; Waba 1 - Indiana 1 |
TOP OF THE 6TH |
Waba Ducks batting - Pitching for Indiana Hounds : RHP Alex Stanford
|
Batting: RHB Pedro Molina
|
0-0: Ball 1-0: Called Strike 1-1: Called Strike 1-2: Ball 2-2: Foul Ball, location: 2F 2-2: Strikes out looking
|
Batting: LHB Javier Orozco
|
0-0: Fly out, F8 (Flyball, 8LS)
|
Batting: LHB Sammy Marshall
|
0-0: Called Strike 0-1: Ball 1-1: Fly out, F9 (Flyball, 9)
|
Top of the 6th over - 0 run(s), 0 hit(s), 0 error(s), 0 left on base; Waba 1 - Indiana 1 |
BOTTOM OF THE 6TH |
Indiana Hounds batting - Pitching for Waba Ducks : RHP Li-cong Sima
|
Batting: LHB Dave Helásquez
|
0-0: SINGLE (Groundball, 56D)
|
Batting: SHB Charles Alexander
|
0-0: Called Strike 0-1: Ball 1-1: Ball 2-1: SINGLE (Groundball, 34D) Dave Helásquez to second Runner from 2nd tries for 3rd, SAFE, throw made to third Charles Alexander to second
|
Batting: RHB Doug Murray
|
0-0: Intentional Walk
|
Batting: RHB Carlos Moya
|
0-0: Grounds into fielders choice 4-2 (Groundball, 4) Charles Alexander to third Doug Murray to second
|
Batting: LHB Pepe Vázquez
|
0-0: Ball 1-0: Swinging Strike 1-1: Called Strike 1-2: Grounds into fielders choice 4-2 (Groundball, 34) Doug Murray to third Carlos Moya to second
|
Batting: RHB Jeff Jones
|
0-0: Ball 1-0: Foul Ball, location: 2F 1-1: Fly out, F9 (Flyball, 89M)
|
Bottom of the 6th over - 0 run(s), 2 hit(s), 0 error(s), 3 left on base; Waba 1 - Indiana 1 |
TOP OF THE 7TH |
Waba Ducks batting - Pitching for Indiana Hounds : RHP Alex Stanford
|
Batting: LHB Howard Evans
|
0-0: Foul Ball, location: 2F 0-1: Swinging Strike 0-2: Foul Ball, location: 2F 0-2: Hit by Pitch
|
Pitching: RHP François Boudreault
|
|
Batting: RHB Jeremy Flemming
|
0-0: Called Strike 0-1: Ball 1-1: Called Strike 1-2: Foul Ball, location: 2F 1-2: Ball 2-2: Ball 3-2: Base on Balls Howard Evans to second
|
Batting: RHB Kelly Graham
|
0-0: Swinging Strike 0-1: Grounds into double play, 6-4-3 (Groundball, 6) Howard Evans to third
|
Batting: RHB Paul Spencer
|
0-0: Called Strike 0-1: Foul Ball, location: 2F 0-2: Foul Ball, location: 2F 0-2: Hit by Pitch
|
Batting: SHB Alex Aguilar
|
0-0: Ball Wild Pitch! Howard Evans scores Paul Spencer to second 1-0: Ball 2-0: Swinging Strike 2-1: Foul Ball, location: 2F 2-2: Strikes out looking
|
Top of the 7th over - 1 run(s), 0 hit(s), 0 error(s), 1 left on base; Waba 2 - Indiana 1 |
BOTTOM OF THE 7TH |
Indiana Hounds batting - Pitching for Waba Ducks : RHP Li-cong Sima
|
Pitching: RHP Bartolo Romo
|
|
Batting: LHB Denny Poole
|
0-0: Ball 1-0: Ground out 4-3 (Groundball, 4S)
|
Pitching: LHP Felipe Rivera
|
|
Batting: LHB Dave Watson
|
0-0: Called Strike 0-1: SINGLE (Line Drive, 34D)
|
Pinch Hitting: RHB Vicente Valentín
|
0-0: Foul Ball, location: 2F 0-1: Ball 1-1: Foul Ball, location: 2F 1-2: Strikes out swinging
|
Pitching: RHP Bill Bygrove
|
|
Batting: LHB Dave Helásquez
|
0-0: Called Strike 0-1: Called Strike 0-2: Strikes out swinging
|
Bottom of the 7th over - 0 run(s), 1 hit(s), 0 error(s), 1 left on base; Waba 2 - Indiana 1 |
TOP OF THE 8TH |
Waba Ducks batting - Pitching for Indiana Hounds : RHP François Boudreault
|
Now in RF: Vicente Valentín
|
|
Batting: LHB José Rodríguez
|
0-0: Swinging Strike 0-1: Ball 1-1: SINGLE (Line Drive, 9S)
|
Batting: RHB Pedro Molina
|
0-0: Ball 1-0: Bunted foul 1-1: Sac Bunt - play at first, batter OUT! 1-4 José Rodríguez to second
|
Batting: LHB Javier Orozco
|
0-0: Ball José Rodríguez steals 3rd base 1-0: Ball 2-0: Foul Ball, location: 2F 2-1: Foul Ball, location: 2F 2-2: Ground out 4-3 (Groundball, 4)
|
Batting: LHB Sammy Marshall
|
0-0: Called Strike 0-1: Ball 1-1: Ball 2-1: Ball 3-1: Fly out, F2 (Popup, 2R)
|
Top of the 8th over - 0 run(s), 1 hit(s), 0 error(s), 1 left on base; Waba 2 - Indiana 1 |
BOTTOM OF THE 8TH |
Indiana Hounds batting - Pitching for Waba Ducks : RHP Bill Bygrove
|
Now in LF: Don Keating
|
|
Batting: SHB Charles Alexander
|
0-0: Called Strike 0-1: Called Strike 0-2: Foul Ball, location: 2F 0-2: Strikes out looking
|
Batting: RHB Doug Murray
|
0-0: Ball 1-0: Ground out 6-3 (Groundball, 6)
|
Batting: RHB Carlos Moya
|
0-0: Ball 1-0: Swinging Strike 1-1: Ball 2-1: Foul Ball, location: 2F 2-2: Strikes out swinging
|
Bottom of the 8th over - 0 run(s), 0 hit(s), 0 error(s), 0 left on base; Waba 2 - Indiana 1 |
TOP OF THE 9TH |
Waba Ducks batting - Pitching for Indiana Hounds : RHP François Boudreault
|
Batting: LHB Howard Evans
|
0-0: Foul Ball, location: 2F 0-1: Foul Ball, location: 2F 0-2: Ball 1-2: Foul Ball, location: 2F 1-2: Ball 2-2: Ball 3-2: Foul Ball, location: 2F 3-2: SINGLE (Groundball, 6D)
|
Batting: RHB Jeremy Flemming
|
0-0: Ball 1-0: Ball 2-0: Called Strike 2-1: Swinging Strike 2-2: Foul Ball, location: 2F 2-2: Strikes out looking
|
Batting: RHB Kelly Graham
|
0-0: Ball 1-0: Ball 2-0: Fielders Choice at 2nd, 5-4 (Groundball, 6)
|
Pitching: RHP Ronald Moore
|
|
Batting: RHB Paul Spencer
|
0-0: Called Strike Kelly Graham steals 2nd base 0-1: Ball 1-1: Swinging Strike 1-2: Strikes out looking
|
Top of the 9th over - 0 run(s), 1 hit(s), 0 error(s), 1 left on base; Waba 2 - Indiana 1 |
BOTTOM OF THE 9TH |
Indiana Hounds batting - Pitching for Waba Ducks : RHP Bill Bygrove
|
Pitching: RHP Bill Lowe
|
|
Now at 1B: Fernando Cruz
|
|
Batting: LHB Pepe Vázquez
|
0-0: Swinging Strike 0-1: Ball 1-1: Called Strike 1-2: Strikes out looking
|
Batting: RHB Jeff Jones
|
0-0: Ball 1-0: Foul Ball, location: 2F 1-1: Foul Ball, location: 2F 1-2: Ball 2-2: Ball 3-2: Base on Balls
|
Batting: LHB Denny Poole
|
0-0: Ball 1-0: Called Strike 1-1: Ball 2-1: Called Strike 2-2: Strikes out swinging
|
Batting: LHB Dave Watson
|
0-0: Foul Ball, location: 2F 0-1: Ball 1-1: Ball 2-1: Called Strike 2-2: Fly out, F7 (Flyball, 7LD)
|
Bottom of the 9th over - 0 run(s), 0 hit(s), 0 error(s), 1 left on base; Waba 2 - Indiana 1 |
|